 Dungeon Crawl Stone Soup version 0.20.1-1-g8b1a95d (webtiles) character file.

5589 Internecine the Ogre Mage (level 10, -1/96 HPs)
             Began as an Ogre Fire Elementalist on Oct 3, 2017.
             Was a Believer of the Shining One.
             Slain by Joseph
             ... wielding a +1 quarterstaff of protection
              (12 damage)
             ... on level 8 of the Dungeon.
             The game lasted 02:13:29 (11011 turns).

Internecine the Ogre Mage (Ogre Fire Elementalist) Turns: 11011, Time: 02:13:29

Health: -1/96      AC:  8    Str: 19    XL:     10   Next: 72%
Magic:  31/31      EV: 10    Int: 18    God:    the Shining One [**....]
Gold:   292        SH:  3    Dex:  9    Spells: 3/25 levels left

rFire    + . .     SeeInvis .   T - +8 hand axe of Forgiveness {flame, rC- Str+4}
rCold    x x .     Gourm    .   (no shield)
rNeg     + . .     Faith    .   h - +0 acid dragon scales
rPois    .         Spirit   .   (helmet restricted)
rElec    .         Reflect  +   (no cloak)
rCorr    +         Harm     .   (gloves unavailable)
MR       +....                  (boots unavailable)
Stlth    +.........             O - +3 amulet of reflection
Regen    0.3/turn               e - ring of fire
MPRegen  0.3/turn               V - ring of magical power

@: lethally poisoned (-1 -> -2), about to teleport, glowing
A: unfitting armour, tough skin 1
a: Divine Shield, Renounce Religion


You were on level 8 of the Dungeon.
You worshipped the Shining One.
The Shining One was pleased with you.
You were not hungry.

You visited 1 branch of the dungeon, and saw 10 of its levels.

You collected 464 gold pieces.
You spent 172 gold pieces at shops.

Inventory:

Hand Weapons
 A - a +0 hunting sling
 Q - a +2 shortbow of flaming
 R - a +4 scimitar of flaming
 T - the +8 hand axe of Forgiveness (weapon) {flame, rC- Str+4}
   (You found it on level 8 of the Dungeon)

   It has been specially enchanted to burn those struck by it, causing extra
   injury to most foes and up to half again as much damage against particularly
   susceptible opponents.
   Big, fiery blades are also staple armaments of hydra-hunters.
   It affects your strength (+4).
   It makes you vulnerable to cold.
Missiles
 k - 31 bolts
 l - 237 stones
 p - 79 sling bullets
 q - 2 throwing nets
 s - 100 arrows
 y - 29 poisoned needles
 H - 3 exploding tomahawks
 I - 7 tomahawks (quivered)
Armour
 h - +0 acid dragon scales (worn)
Jewellery
 e - a ring of fire (left hand)
 E - a +4 ring of dexterity
 G - a +3 ring of protection
 K - an uncursed amulet of magic regeneration
 M - a +5 ring of protection
 O - a +3 amulet of reflection (around neck)
 V - a ring of magical power (right hand)
Wands
 m - a wand of paralysis (8/24)
 n - a wand of disintegration (6/24)
 r - a wand of flame (17/48)
 u - a wand of iceblast (0/15)
 D - a wand of iceblast (0/15)
Scrolls
 a - a scroll of fog {unknown}
 g - 3 scrolls of recharging {unknown}
 i - 2 scrolls of enchant armour {unknown}
 j - 4 scrolls of amnesia
 o - 3 scrolls of remove curse
 v - a scroll of teleportation
 x - a scroll of magic mapping
 C - a scroll of acquirement {unknown}
 L - a scroll of random uselessness {unknown}
 N - a scroll of enchant weapon {unknown}
 U - a scroll of immolation {unknown}
Potions
 d - a potion of brilliance {unknown}
 f - a potion of haste
 w - 3 potions of flight
 B - a potion of mutation {unknown}
 X - 2 potions of might {unknown}
Books
 b - a book of Flames

   Spells                             Type                      Level
   a - Flame Tongue                   Conjuration/Fire             1
   b - Throw Flame                    Conjuration/Fire             2
   c - Conjure Flame                  Conjuration/Fire             3
   d - Inner Flame                    Hexes/Fire                   3
   e - Sticky Flame                   Conjuration/Fire             4
   f - Fireball                       Conjuration/Fire             5
 J - a book of Conjurations

   Spells                             Type                      Level
   a - Magic Dart                     Conjuration                  1
   b - Searing Ray                    Conjuration                  2
   c - Dazzling Spray                 Conjuration/Hexes            3
   d - Fulminant Prism                Conjuration/Hexes            4
   e - Force Lance                    Conjuration/Translocation    4
   f - Iskenderun's Mystic Blast      Conjuration                  4
 S - a book of Minor Magic

   Spells                             Type                      Level
   a - Magic Dart                     Conjuration                  1
   b - Blink                          Translocation                2
   c - Call Imp                       Summoning                    2
   d - Slow                           Hexes                        2
   e - Conjure Flame                  Conjuration/Fire             3
   f - Mephitic Cloud                 Conjuration/Poison/Air       3
Comestibles
 c - 7 bread rations
 t - 4 chunks of flesh
 F - a meat ration
 P - 6 royal jellies


   Skills:
 * Level 5.5 Fighting
 * Level 1.7(3.2) Axes
   Level 2.0(2.4) Maces & Flails
   Level 5.0(5.3) Polearms
 + Level 2.1(2.3) Slings
 + Level 1.7(2.6) Throwing
 * Level 4.4 Armour
 * Level 4.0 Dodging
 + Level 2.1 Stealth
 * Level 8.0 Spellcasting
 + Level 4.3 Conjurations
 * Level 6.7 Fire Magic
 + Level 0.7 Invocations
 + Level 0.1 Evocations


You had 3 spell levels left.
You knew the following spells:

 Your Spells              Type           Power        Failure   Level  Hunger
a - Flame Tongue          Conj/Fire      #####        1%          1    None
b - Throw Flame           Conj/Fire      #####.       1%          2    None
c - Conjure Flame         Conj/Fire      #####...     3%          3    #......
d - Sticky Flame          Conj/Fire      #####...     12%         4    ###....
e - Fireball              Conj/Fire      #####.....   34%         5    #####..
f - Dazzling Spray        Conj/Hex       ###...       16%         3    #......
g - Blink                 Tloc           N/A          19%         2    None
h - Slow                  Hex            #.......     19%         2    None


Dungeon Overview and Level Annotations

Branches:
Dungeon (10/15)            Temple (0/1) D:6             Orc (0/2) D:9
   Lair: D:8-11

Altars:
Ashenzari
Cheibriados
Gozag
Hepliaklqana
Ru
Uskayaw
Vehumet
Yredelemnul
The Shining One

Shops:
D:6 =

Annotations:
D:8 Joseph
D:10 Psyche


Innate Abilities, Weirdness & Mutations

You are too large for most types of armour.
You have tough skin. (AC +1)


Message History

You hit Joseph. You burn Joseph.
Joseph is severely wounded.
You feel sick.
Joseph hits you with an uncursed quarterstaff of protection.
You barely miss Joseph.
Joseph is severely wounded.
Joseph hits you with an uncursed quarterstaff of protection!
* * * LOW HITPOINT WARNING * * *
Aiming: Disintegrate (will waste charges)
Press: ? - help, Shift-Dir - straight line, f - Joseph
Aim: Joseph, wielding a quarterstaff of protection and wearing a ring mail (severely wounded, haloed, chance to defeat MR: 48%) Joseph resists with some effort.
Evoking this partially-identified wand wasted a few charges.
You feel sick.
Joseph hits you with an uncursed quarterstaff of protection.
* * * LOW HITPOINT WARNING * * *
As you read the scroll of teleportation, it crumbles to dust.
You feel strangely unstable.
Joseph hits you with an uncursed quarterstaff of protection!
You die...

..# #.#####........[..≈≈≈....#.
..# #............≈≈...≈≈≈≈...#.
### #........................#.
##......##'#+###[#########.
#......##.#.....#### #.
#..≈...##..........######.
#..≈...'..................
#......##.@...............
#......##@................
#......##.#...............
########......##.#....###'#######
#.........[...##.'....'...#
#.............####....#####
#........#####..........#
#........# #..........#
#........# #..........#
#.)......# #...≈≈.....#


You could see Joseph.

Vanquished Creatures
  Erica (D:8)
  The ghost of LiquoriceLizzard the Chopper, a novice HOFi (D:5)
  A troll (D:9)
  A hippogriff (D:9)
  3 hogs (D:7)
  3 yaks
  A human (D:7)
  2 hungry ghosts
  An ice beast (D:6)
  2 orc warriors
  2 black bears
  2 ogres
  A necrophage (D:6)
  A phantom (D:7)
  3 centaurs
  4 bullfrogs
  3 scorpions
  11 killer bees
  An electric eel (D:7)
  A howler monkey (D:5)
  A jelly (D:8)
  6 crimson imps
  A bullfrog zombie (D:6)
  A centaur skeleton (D:6)
  2 hounds (D:8)
  2 orc priests
  2 bullfrog skeletons
  A gnoll shaman (D:6)
  An iguana (D:6)
  3 orc wizards
  4 worker ants
  A hound skeleton (D:9)
  A howler monkey zombie (D:6)
  Robin (D:2)
  12 adders
  4 gnolls (D:6)
  3 shadow imps
  An ooze (D:2)
  4 worms
  2 dart slugs
  5 leopard geckos
  19 orcs
  2 giant cockroaches
  18 goblins
  5 hobgoblins
  9 jackals
  3 quokkas
  A ball python (D:4)
  5 bats
  8 frilled lizards
  8 kobolds
  A quokka skeleton (D:4)
  7 rats
189 creatures vanquished.

Notes
Turn   | Place    | Note
-------+----------+-------------------------------------------
     0 | D:1      | Internecine the Ogre Fire Elementalist began the quest for the Orb.
     0 | D:1      | Reached XP level 1. HP: 16/16 MP: 3/3
   182 | D:1      | Reached XP level 2. HP: 21/24 MP: 0/5
   655 | D:1      | Reached skill level 1 in Conjurations
   797 | D:2      | Reached XP level 3. HP: 25/31 MP: 6/6
   819 | D:2      | Noticed Robin
  1282 | D:2      | Found a faded altar of an unknown god.
  1312 | D:2      | Reached XP level 4. HP: 8/39 MP: 1/7
  1349 | D:2      | Reached skill level 1 in Throwing
  1469 | D:2      | Found a glowing golden altar of the Shining One.
  1486 | D:2      | Became a worshipper of the Shining One
  1634 | D:2      | Killed Robin
  2026 | D:3      | Learned a level 2 spell: Throw Flame
  2030 | D:3      | Learned a level 3 spell: Conjure Flame
  2031 | D:3      | Reached skill level 1 in Maces & Flails
  2095 | D:3      | Reached XP level 5. HP: 46/46 MP: 6/9
  2336 | D:3      | Found a shattered altar of Ashenzari.
  3059 | D:4      | Reached skill level 1 in Slings
  3398 | D:4      | Reached skill level 3 in Spellcasting
  3398 | D:4      | Reached XP level 6. HP: 40/54 MP: 2/10
  3712 | D:5      | Entered Level 5 of the Dungeon
  4014 | D:5      | Noticed LiquoriceLizzard's ghost (novice HOFi)
  4032 | D:5      | Noticed a hungry ghost
  4164 | D:6      | Noticed a yak
  4180 | D:6      | Killed a yak
  4180 | D:6      | Reached skill level 1 in Armour
  4180 | D:6      | Reached XP level 7. HP: 54/61 MP: 2/12
  4272 | D:6      | Found Hefatz's Jewellery Shop.
  4299 | D:6      | Reached * piety under the Shining One
  4308 | D:6      | Reached skill level 4 in Spellcasting
  4325 | D:6      | Reached skill level 1 in Fighting
  4566 | D:5      | Found a snail-covered altar of Cheibriados.
  4663 | D:5      | Killed a hungry ghost
  4663 | D:5      | Reached XP level 8. HP: 69/72 MP: 9/15
  4693 | D:5      | Reached skill level 5 in Spellcasting
  4721 | D:5      | Found a hazy altar of Hepliaklqana.
  4796 | D:5      | Killed LiquoriceLizzard's ghost
  4796 | D:5      | Reached skill level 5 in Fire Magic
  4924 | D:5      | Found a hide-covered altar of Uskayaw.
  5105 | D:6      | Reached skill level 1 in Polearms
  5218 | D:6      | Reached skill level 6 in Spellcasting
  5383 | D:6      | Found a sacrificial altar of Ru.
  5430 | D:6      | Reached XP level 9. HP: 58/81 MP: 18/18
  5607 | D:6      | Bought a +3 amulet of reflection for 172 gold pieces
  5800 | D:6      | Found a staircase to the Ecumenical Temple.
  7755 | D:6      | Reached ** piety under the Shining One
  8437 | D:7      | Reached skill level 7 in Spellcasting
  8816 | D:7      | Reached XP level 10. HP: 46/93 MP: 16/21
  9090 | D:7      | Found a basalt altar of Yredelemnul.
  9090 | D:7      | Found a radiant altar of Vehumet.
  9092 | D:7      | Found an opulent altar of Gozag.
  9238 | D:8      | Noticed Erica
  9248 | D:8      | Killed Erica
  9248 | D:8      | Reached skill level 5 in Polearms
  9291 | D:8      | Got a translucent hand axe
  9292 | D:8      | Identified the +8 hand axe of Forgiveness {flame, rC- Str+4} (You found it on level 8 of the Dungeon)
  9333 | D:8      | Learned a level 4 spell: Sticky Flame
  9339 | D:8      | Learned a level 5 spell: Fireball
  9343 | D:8      | Learned a level 3 spell: Dazzling Spray
  9346 | D:8      | Learned a level 2 spell: Blink
  9349 | D:8      | Learned a level 2 spell: Slow
  9414 | D:8      | Reached skill level 5 in Fighting
 10263 | D:9      | Found a staircase to the Orcish Mines.
 10267 | D:9      | Reached skill level 1 in Axes
 10411 | D:9      | Reached skill level 8 in Spellcasting
 10430 | D:10     | Entered Level 10 of the Dungeon
 10430 | D:10     | Noticed Psyche
 10809 | D:9      | Noticed Joseph
 11011 | D:8      | Slain by Joseph

Skill      XL: |  1  2  3  4  5  6  7  8  9 10 |
---------------+-------------------------------+-----
Fire Magic     | 3 4 5 6 |  6.7
Dodging        | 2 3 4 |  4.0
Conjurations   | 1 2 3 4 |  4.3
Throwing       | 1 |  1.7
Maces & Flails | 1 2 |  2.0
Slings         | 1 2 |  2.1
Spellcasting   | 3 4 6 7 8 |  8.0
Armour         | 1 2 3 4 |  4.4
Fighting       | 2 3 4 5 |  5.5
Polearms       | 2 4 5 |  5.0
Stealth        | 2 |  2.1
Axes           | 1 |  1.7
Invocations    | |  0.7
Evocations     | |  0.1

Action                   |  1- 3 |  4- 6 |  7- 9 | 10-12 || total
-------------------------+-------+-------+-------+-------++-------
Melee: Club              |    40 |    33 |       |       ||    73
       Trident           |       |       |   143 |     6 ||   149
       Hand axe          |       |       |       |    59 ||    59
 Fire: Hunting sling     |       |    37 |    19 |       ||    56
Throw: Stone             |    30 |    12 |    11 |       ||    53
       Tomahawk          |       |       |       |     7 ||     7
 Cast: Flame Tongue      |    54 |    80 |    80 |    27 ||   241
       Throw Flame       |       |    14 |    49 |    52 ||   115
       Conjure Flame     |       |     1 |    11 |     6 ||    18
       Dazzling Spray    |       |       |       |     2 ||     2
Invok: Divine Shield     |       |       |       |     2 ||     2
Evoke: Wand              |       |     2 |       |    11 ||    13
  Use: Potion            |       |     2 |     4 |     2 ||     8
       Scroll            |       |       |     7 |     7 ||    14
  Eat: Chunk             |     1 |     9 |    10 |     2 ||    22
       Fruit             |     1 |       |     9 |     1 ||    11
       Meat ration       |       |       |     1 |     1 ||     2
Armor: Robe              |    21 |       |       |       ||    21
       Acid dragon scale |       |    50 |    79 |    34 ||   163
Dodge: Dodged            |    39 |    39 |    85 |    66 ||   229
Block: Other             |       |       |    16 |    31 ||    47
       Reflection        |       |       |     1 |       ||     1
